 Dungeon Crawl Stone Soup version 0.29.1-1-gd02db6906a (webtiles) character file.

Game seed: 14596387644952228732

319 Icepheonix32 the Ducker (level 6, -2/43 HPs)
             Began as a Merfolk Transmuter on Sept 16, 2022.
             Killed from afar by Ijyb (16 damage)
             ... with a bolt of light
             ... on level 3 of the Dungeon.
             The game lasted 00:06:09 (3460 turns).

Icepheonix32 the Ducker (Merfolk Transmuter)        Turns: 3460, Time: 00:06:09

Health: -2/43      AC:  3    Str: 17    XL:     6   Next: 46%
Magic:  10/10      EV: 13    Int: 14    God:
Gold:   113        SH:  0    Dex: 14    Spells: 4/10 levels left

rFire   . . .      SeeInvis .   d - +5 scythe (vamp)
rCold   . . .      Faith    .   (shield currently unavailable)
rNeg    . . .      Spirit   .   a - +0 robe
rPois   .          Reflect  .   (no helmet)
rElec   .          Harm     .   (no cloak)
rCorr   .          Rampage  .   (no gloves)
Will    +....                   i - +0 pair of boots
Stlth   +.........              (no amulet)
HPRegen 0.14/turn               j - +6 ring of strength
MPRegen 0.12/turn               f - ring of willpower

@: confused
A: (nimble swimmer 2), mertail
a: no special abilities


You were on level 3 of the Dungeon.
You visited 1 branch of the dungeon, and saw 3 of its levels.

You collected 113 gold pieces.

Inventory:

Hand Weapons
 d - a +5 vampiric scythe (weapon)
Armour
 a - a +0 robe (worn)
 i - a +0 pair of boots (worn)
Jewellery
 e - an amulet of faith
 f - a ring of willpower (right hand)
 j - a +6 ring of strength (left hand)
 k - a ring of fire
Wands
 l - a wand of iceblast (8)
Scrolls
 c - 2 scrolls of vulnerability
 g - a scroll of fear
 h - 2 scrolls of blinking
 n - a scroll of enchant weapon {unknown}
 p - a scroll of brand weapon {unknown}
Potions
 b - a potion of lignification
 m - a potion of curing
 o - 2 potions of degeneration {unknown}
 q - a potion of might {unknown}
 r - 2 potions of flight {unknown}


   Skills:
 + Level 1.4 Fighting
 * Level 1.5 Polearms
 * Level 4.6 Dodging
 + Level 1.2 Stealth
 - Level 4.5 Unarmed Combat
 + Level 2.8 Spellcasting
 * Level 4.6 Transmutations
 * Level 1.9 Poison Magic


You had 4 spell levels left.
You knew the following spells:

 Your Spells              Type           Power      Damage    Failure   Level
a - Beastly Appendage     Tmut           30%        N/A       3%          1
b - Wereblood             Tmut           15%        N/A       4%          2
c - Spider Form           Tmut/Pois      11%        N/A       17%         3

Your spell library contained the following spells:

 Spells                   Type           Power      Damage    Failure   Level
 Magic Dart               Conj           8%         1d3       22%         1
 Searing Ray              Conj           4%         2d4       32%         2
 Ice Form                 Ice/Tmut       8%         N/A       63%         4
 Fulminant Prism          Conj/Hex       1%         3d6       91%         4


Dungeon Overview and Level Annotations

Branches:
Dungeon (3/15)

Altars:
Cheibriados
Yredelemnul

Annotations:
D:3 Ijyb


Innate Abilities, Weirdness & Mutations

((You are very nimble when in or above water. (Stealth+, EV+, Speed+++)))
Your lower body shifts to a powerful aquatic tail in water.


Message History

You see here a frilled lizard corpse.
A ball python comes into view.
Found a snail-covered altar of Cheibriados.
The ball python hisses angrily.
The teleport trap disappears.
The ball python disappears!
The ball python reappears nearby!
A ball python is nearby!
A ball python is nearby!
No reachable target in view!
Unknown command.
The teleport trap disappears.
The ball python disappears!
A ball python comes into view.
The ball python hisses angrily.
You closely miss the ball python. The ball python bites you.
The ball python grabs you. The ball python constricts you.
You barely miss the ball python. The ball python closely misses you.
The ball python constricts you.
The ball python bites you but does no damage.
The ball python constricts you.
You puncture the ball python!
You kill the ball python!
You see here a ball python corpse.
Ijyb and a kobold come into view.
Ijyb is wielding a +0 dagger and carrying a wand of light (6).
Found a ring mail and a chain mail.
Ijyb shouts!
The kobold shouts!
Ijyb zaps a wand.
The bolt of light hits you!
An endoplasm comes into view.
Ijyb zaps a wand.
The bolt of light misses you.
Found 5 stones.
You reach to attack!
You slash Ijyb!
Ijyb is heavily wounded.
Ijyb zaps a wand.
The bolt of light hits you!
You are too injured to fight recklessly!
Unknown command.
You barely miss Ijyb.
Ijyb is heavily wounded.
Ijyb zaps a wand.
The bolt of light hits you!
You are confused.
You die...

##########
#####........#
#............#
#.####^####..#
#######†# ..... #..#
......#.#.......#..#
.[.J..J.#.......#..#
..g..##g#..._......#
..K. #@#.......#..#
.[. #.# ......#..#
.. #..# ..... #..# .
(...#########..#
....#............#
####.###.########.#
#. #...####...# #
#.......###
#....####


You could see Ijyb and an endoplasm.

Vanquished Creatures
  Sigmund (D:2)
  A necrophage (D:3)
  An orc priest (D:3)
  An adder (D:1)
  A worm (D:3)
  3 dart slugs
  4 orcs (D:3)
  4 endoplasms
  2 giant cockroaches
  4 goblins
  5 hobgoblins
  5 ball pythons
  6 bats
  17 frilled lizards
  4 kobolds (D:1)
  9 rats
68 creatures vanquished.

Notes
Turn   | Place    | Note
-------+----------+-------------------------------------------
     0 | D:1      | Icepheonix32 the Merfolk Transmuter began the quest for the
                  | Orb.
     0 | D:1      | Reached XP level 1. HP: 15/15 MP: 3/3
   341 | D:1      | Reached XP level 2. HP: 20/21 MP: 3/5
   616 | D:1      | Reached XP level 3. HP: 23/26 MP: 4/6
  1623 | D:2      | Noticed Sigmund
  1650 | D:1      | HP: 1/39 [adder (1)]
  1967 | D:1      | Learned a level 2 spell: Wereblood
  1971 | D:1      | Learned a level 3 spell: Spider Form
  2353 | D:2      | Reached XP level 4. HP: 32/32 MP: 7/7
  2668 | D:2      | Killed Sigmund
  2669 | D:2      | Reached skill level 1 in Stealth
  2669 | D:2      | Reached skill level 1 in Poison Magic
  2669 | D:2      | Reached XP level 5. HP: 29/37 MP: 4/9
  2792 | D:3      | Reached skill level 1 in Polearms
  2792 | D:3      | Reached XP level 6. HP: 13/43 MP: 10/10
  3150 | D:3      | Found a basalt altar of Yredelemnul.
  3429 | D:3      | Found a snail-covered altar of Cheibriados.
  3453 | D:3      | Noticed Ijyb
  3460 | D:3      | Killed from afar by Ijyb

Illustrated notes

Levels and vault maps discovered:
D:1:      lordsloth_arrival_two_stooges, layout_loops_ring, minmay_lizard_pond
D:2:      layout_rooms, minmay_fountain_box, uniq_sigmund
D:3:      layout_rooms, overflow_temple_1_default, lemuel_tele_altar,
          shapermc_ecumenical_altar_flowoftime, uniq_ijyb,
          uniq_crazy_yiuf_cottage

Skill      XL: |  1  2  3  4  5 |
---------------+----------------+-----
Transmutations | 3 4 |  4.6
Dodging        | 3 4 |  4.6
Unarmed Combat | 4 |  4.5
Stealth        | 1 |  1.2
Poison Magic   | 1 |  1.9
Polearms       | 1 |  1.5
Fighting       | |  1.4
Spellcasting   | |  2.8

Action                   |  1- 3 |  4- 6 || total
-------------------------+-------+-------++-------
Melee: Unarmed           |   152 |     9 ||   161
       Headbutt          |    16 |       ||    16
       Punch             |     3 |       ||     3
       Halberd           |       |    55 ||    55
 Cast: Beastly Appendage |    21 |     1 ||    22
       Spider Form       |     1 |     1 ||     2
  Use: Scroll            |     4 |     3 ||     7
       Potion            |     2 |     2 ||     4
Armor: Robe              |    30 |    16 ||    46
       Skin              |     2 |     7 ||     9
Dodge: Dodged            |   124 |    68 ||   192
